 Dungeon Crawl Stone Soup version 0.28-a0-957-g42eb19b844 (webtiles) character file.

Game seed: 7553624968268019035

248 Redcow54321 the Chopper (level 6, 0/55 HPs)
             Began as an Ogre Fighter on Nov 30, 2021.
             Succumbed to a scorpion's poison
             ... on level 4 of the Dungeon.
             The game lasted 00:06:05 (3249 turns).

Redcow54321 the Chopper (Ogre Fighter)              Turns: 3249, Time: 00:06:06

Health: 0/55       AC:  7    Str: 21 (23) XL:     6   Next: 12%
Magic:  6/6        EV:  8    Int:  9      God:
Gold:   47         SH:  7    Dex:  9 (10) Spells: 5/5 levels left

rFire   . . .      SeeInvis .   a - +0 war axe
rCold   . . .      Faith    .   c - +0 kite shield
rNeg    . . .      Spirit   .   b - +0 robe
rPois   .          Reflect  .   (helmet restricted)
rElec   .          Harm     .   (no cloak)
rCorr   .          Rampage  .   (gloves unavailable)
Will    +....                   (boots unavailable)
Stlth   ++........              (no amulet)
HPRegen 0.18/turn               n - +4 ring of protection
MPRegen 0.10/turn               (no ring)

@: lethally poisoned (0 -> -5), attractive
A: large, unfitting armour, tough skin 1, beak, thin skeletal structure 1, frail
1, strong-willed 1
a: no special abilities


You were on level 4 of the Dungeon.
You visited 1 branch of the dungeon, and saw 4 of its levels.

You collected 47 gold pieces.

Inventory:

Hand Weapons
 a - a +0 war axe (weapon)
Armour
 b - a +0 robe (worn)
 c - a +0 kite shield (worn)
 i - a +0 helmet
Jewellery
 n - a +4 ring of protection (left hand)
 o - a ring of fire
Scrolls
 h - 2 scrolls of immolation
 j - 3 scrolls of identify {unknown}
 k - a scroll of holy word {unknown}
 l - 4 scrolls of teleportation {unknown}
 m - 7 scrolls of vulnerability {unknown}
 q - 2 scrolls of fog {unknown}
Potions
 d - a potion of might
 e - a potion of degeneration
 f - a potion of heal wounds {unknown}
 r - a potion of brilliance {unknown}


   Skills:
 - Level 4.0 Fighting
 * Level 6.1 Axes
 - Level 2.6 Dodging
 - Level 0.4 Stealth
 - Level 2.6 Shields


You had 5 spell levels left.
You didn't know any spells.
Your spell library was empty.

Dungeon Overview and Level Annotations

Branches:
Dungeon (4/15)             Temple (0/1) D:4

Altars:

Shops:
D:1 :*


Innate Abilities, Weirdness & Mutations

You are too large for most types of armour.
You have tough skin. (AC +1)
You have a beak for a mouth.
You have a somewhat thin skeletal structure. (Dex +2, Stealth+)
You are frail. (-10% HP)
You are strong-willed. (Will+)


Message History

* * * LOW HITPOINT WARNING * * *
You feel very sick.
The scorpion stings you but does no damage.
The scorpion closely misses you.
It was a potion of degeneration.
There was something very wrong with that liquid.
You feel weakened.
You feel dopey.
You feel clumsy.
* * * LOW HITPOINT WARNING * * *
You feel sick. You block the scorpion's attack.
Nothing quivered!
It was a potion of curing.
You feel better. The scorpion stings you.
* * * LOW HITPOINT WARNING * * *
Nothing quivered!
You feel better.
The scorpion stings you but does no damage.
The scorpion barely misses you.
You barely miss the scorpion.
The scorpion is almost dead.
The scorpion stings you.
* * * LOW HITPOINT WARNING * * *
You are lethally poisoned!
The scorpion poisons you!
* * * LOW HITPOINT WARNING * * *
You feel very sick.
You slash the scorpion!
You kill the scorpion!
* * * LOW HITPOINT WARNING * * *
You feel very sick.
You feel your intelligence returning.
Your Axes skill increases to level 6!
You have reached level 6!
You feel stronger.
It was a potion of attraction.
You feel attractive to monsters.
* * * LOW HITPOINT WARNING * * *
You feel sick.
It was a potion of mutation.
You feel extremely strange.
You feel frail.
You feel strong-willed.
Your bones become slightly less dense.
Your mouth lengthens and hardens into a beak!
You die...

######### ###.........##
..............
###.........#
###.........## ###
..#..........# ....
.............#######..###
.........................
..............†.@.#
....####..###.....# ...##
##.###.###..# ...##
#..##.# ##.... ##..#
##..... ....#
###.####.....## ##.##
##..........## .#
..........#..# #
......######..


There were no monsters in sight!

Vanquished Creatures
  A scorpion (D:4)
  An iguana (D:4)
  An orc wizard (D:3)
  5 adders
  A white imp (D:3)
  An adder skeleton (D:4)
  A worm (D:4)
  A dart slug (D:3)
  4 orcs (D:3)
  5 ball pythons
  6 bats (D:1)
  6 endoplasms
  3 giant cockroaches
  7 goblins
  4 hobgoblins
  4 jackals (D:3)
  6 kobolds
  5 quokkas
  4 frilled lizards
  3 rats
69 creatures vanquished.

Notes
Turn   | Place    | Note
-------+----------+-------------------------------------------
     0 | D:1      | Redcow54321 the Ogre Fighter began the quest for the Orb.
     0 | D:1      | Reached XP level 1. HP: 24/24 MP: 1/1
    96 | D:1      | Found Joysach's General Store.
   185 | D:1      | Found Ponecuf's Book Emporium.
   230 | D:1      | Reached XP level 2. HP: 29/32 MP: 2/2
   322 | D:1      | Reached skill level 3 in Axes
   804 | D:1      | Reached XP level 3. HP: 39/39 MP: 3/3
  1074 | D:2      | Found a faded altar of an unknown god.
  1212 | D:2      | Reached skill level 4 in Axes
  1357 | D:2      | Reached XP level 4. HP: 44/48 MP: 4/4
  2224 | D:3      | Reached skill level 5 in Axes
  2224 | D:3      | Reached XP level 5. HP: 49/54 MP: 5/5
  2691 | D:4      | Found a staircase to the Ecumenical Temple.
  3242 | D:4      | HP: 2/54 [poisoned by a scorpion]
  3247 | D:4      | HP: 2/54 [poisoned by a scorpion]
  3248 | D:4      | Reached skill level 6 in Axes
  3248 | D:4      | Reached XP level 6. HP: 2/62 MP: 6/6
  3249 | D:4      | Gained mutation: You are frail. (-10% HP) [potion of
                  | mutation]
  3249 | D:4      | Gained mutation: You are strong-willed. (Will+) [potion of
                  | mutation]
  3249 | D:4      | Gained mutation: You have a somewhat thin skeletal
                  | structure. (Dex +2, Stealth+) [potion of mutation]
  3249 | D:4      | Gained mutation: You have a beak for a mouth. [potion of
                  | mutation]
  3249 | D:4      | Succumbed to a scorpion's poison

Illustrated notes

Levels and vault maps discovered:
D:1:      sevenhm_arrival_forest_fort_large_4, layout_basic, serial_shops,
          nicolae_shop_statue_plus, nicolae_shop_statue_plus,
          minmay_misc_feat_enclosed, minmay_misc_feat_alley,
          minmay_tiny_reverse_x
D:2:      wander_river, layout_loops_cross, hellmonk_ecumenical_altar_blasted
D:3:      layout_basic
D:4:      layout_rooms, minmay_temple_entry_grid, nicolae_inconvenience_store,
          uniq_duvessa, uniq_robin

Skill      XL: |  1  2  3  4  5 |
---------------+----------------+-----
Axes           | 3 4 5 6 |  6.1
Fighting       | |  4.0
Dodging        | |  2.6
Stealth        | |  0.4
Shields        | |  2.6

Action                   |  1- 3 |  4- 6 || total
-------------------------+-------+-------++-------
Melee: War axe           |    74 |   126 ||   200
  Use: Potion            |       |     5 ||     5
 Stab: Sleeping          |     1 |     1 ||     2
Armor: Robe              |    32 |    65 ||    97
Dodge: Dodged            |    32 |    36 ||    68
Block: Kite shield       |    24 |    47 ||    71

Table legend: (Time is in decaauts)
 A = Elapsed time spent in this place.
 B = Non-inter-level travel time spent in this place.
 C = Inter-level travel time spent in this place.
 D = Time resting spent in this place.
 E = Time spent auto-exploring this place.
 F = Levels seen in this place.
 G = Mean time per level.
                   A        B        C        D        E       F      G
               +--------+--------+--------+--------+--------+-----+--------+
         Total |   3357 |   3301 |     56 |    564 |   2160 |   4 |  839.2 |
       Dungeon |   3357 |   3301 |     56 |    564 |   2160 |   4 |  839.2 |
               +--------+--------+--------+--------+--------+-----+--------+

Top non-repeatable levels by time:
     D:3: 965 daAuts
     D:1: 939 daAuts
     D:2: 846 daAuts
     D:4: 606 daAuts
